 Dungeon Crawl Stone Soup version 0.30-a0-989-g0d87f670db (webtiles) character file.

Game seed: 9867632476759185407

262 112233 the Magician (level 5, 0/35 HPs)
             Began as a Demonspawn Earth Elementalist on Apr 3, 2023.
             Was a High Priest of Ignis.
             Slain by a river rat (6 damage)
             ... in a sewer.
             The game lasted 00:02:47 (3174 turns).

112233 the Magician (Demonspawn Earth Elementalist) Turns: 3174, Time: 00:02:47

Health: 0/35       AC:  3    Str:  8    XL:     5   Next: 97%
Magic:  4/11       EV: 13    Int: 19    God:    Ignis [*****.]
Gold:   156        SH:  0    Dex: 13    Spells: 6/12 levels left

rFire   + . .      SeeInvis .    (no weapon)
rCold   . . .      Faith    .    (no shield)
rNeg    . . .      Spirit   .    a - +0 robe
rPois   .          Reflect  .    (no helmet)
rElec   .          Rampage  .    (no cloak)
rCorr   .                        i - +0 pair of gloves
Will    .....                    (no boots)
Stlth   ++                       (no amulet)
HPRegen 0.25/turn                (no ring)
MPRegen 0.12/turn                (no ring)

@: no status effects
A: foul stench 1, demonic touch 1
a: Renounce Religion, Fiery Armour, Foxfire Swarm, Rising Flame


You were in a sewer.
You worshipped Ignis.
Ignis was extremely pleased with you.
You visited 1 branch of the dungeon, and saw 4 of its levels.
You also visited: Sewer.

You collected 156 gold pieces.

Inventory:

Armour
 a - a +0 robe (worn)
 i - a +0 pair of gloves (worn)
 k - an orb of wrath
Scrolls
 d - a scroll of identify {unknown}
 f - a scroll of teleportation {unknown}
 g - a scroll of enchant armour {unknown}
 h - 2 scrolls of noise {unknown}
 l - a scroll of blinking {unknown}
Potions
 b - 3 potions of mutation {unknown}
 c - 2 potions of lignification {unknown}
 e - 2 potions of curing {unknown}
 j - 2 potions of degeneration {unknown}


   Skills:
 + Level 4.2 Dodging
 - Level 1.7 Stealth
 + Level 4.3 Spellcasting
 - Level 0.8 Transmutations
 - Level 2.6 Earth Magic


You had 6 spell levels left.
You knew the following spells:

 Your Spells              Type           Power      Damage    Failure   Level
a - Sandblast             Erth           28%        2d8       4%          1
b - Stone Arrow           Conj/Erth      18%        3d8       22%         3
c - Passwall              Tmut/Erth      8%         N/A       10%         2

Your spell library contained the following spells:

 Spells                   Type           Power      Damage    Failure   Level
 Petrify                  Tmut/Erth      10%        N/A       54%         4


Dungeon Overview and Level Annotations

Branches:
Dungeon (6/15)              Sewer (1/1)
 Temple: D:4-7

Altars:
Gozag
Nemelex Xobeh
Ignis


Innate Abilities, Weirdness & Mutations

You may rarely emit foul miasma when damaged in melee.
Your touch may inflict minor irresistible damage on your foes.


Message History

The rat barely misses you. The river rat bites you.
Unknown command.
Casting: Sandblast (safe; 4% risk of failure)
Confirm with . or Enter, or press ? or * to list all spells.
Aiming: Sandblast (safe; 4% risk of failure)
Press: ? - help, Shift-Dir - straight line, f/p - river rat
Aim: a river rat (almost dead, 80% to hit)
The blast of sand hits the river rat but does no damage.
The river rat is almost dead.
The rat bites you. The river rat closely misses you.
Unknown command.
Casting: Sandblast (safe; 4% risk of failure)
Confirm with . or Enter, or press ? or * to list all spells.
Aiming: Sandblast (safe; 4% risk of failure)
Press: ? - help, Shift-Dir - straight line, f/p - river rat
Aim: a river rat (almost dead, 80% to hit)
The blast of sand hits the river rat but does no damage.
The river rat is almost dead.
The rat bites you. The river rat bites you! The rat closely misses you.
The river rat completely misses you.
Casting: Sandblast (safe; 4% risk of failure)
Confirm with . or Enter, or press ? or * to list all spells.
Aiming: Sandblast (safe; 4% risk of failure)
Press: ? - help, Shift-Dir - straight line, f/p - river rat
Aim: a river rat (almost dead, 80% to hit)
The blast of sand hits the river rat but does no damage.
The river rat is almost dead.
The rat bites you but does no damage. The river rat closely misses you.
Unknown command.
Casting: Sandblast (safe; 4% risk of failure)
Confirm with . or Enter, or press ? or * to list all spells.
Aiming: Sandblast (safe; 4% risk of failure)
Press: ? - help, Shift-Dir - straight line, f/p - river rat
Aim: a river rat (almost dead, 80% to hit)
The blast of sand hits the river rat.
The river rat is almost dead.
The rat bites you but does no damage. The river rat bites you.
* * * LOW HITPOINT WARNING * * *
The river rat bites you.
You die...

#~#
#.#
#.#
#.#
#r#
#r#
#r#
#@#
#r#
#r#
#.#
#.#
#.#
#.#
#.#


You could see 2 river rats and 3 rats.

Vanquished Creatures
  An ogre (D:6)
  An orc wizard (D:6)
  3 gnolls (D:3)
  3 adders
  2 river rats (D:6)
  3 worms
  2 dart slugs
  3 orcs (D:6)
  3 endoplasms
  4 giant cockroaches
  6 goblins
  4 hobgoblins
  10 jackals
  3 kobolds
  4 quokkas
  6 ball pythons
  5 bats
  3 frilled lizards
  5 rats
71 creatures vanquished.

Vanquished Creatures (others)
  6 demonic plants (D:2)
6 creatures vanquished.

Grand Total: 77 creatures vanquished

Notes
Turn   | Place    | Note
-------+----------+-------------------------------------------
     0 | D:1      | 112233 the Demonspawn Earth Elementalist began the quest
                  | for the Orb.
     0 | D:1      | Reached XP level 1. HP: 13/13 MP: 3/3
   233 | D:1      | Found a faded altar of an unknown god.
   331 | D:1      | Prayed at the altar of an unknown god.
   331 | D:1      | Became a worshipper of Ignis, the Dying Flame
   370 | D:1      | Gained mutation: Your touch may inflict minor irresistible
                  | damage on your foes. [demonic ancestry]
   370 | D:1      | Reached XP level 2. HP: 8/19 MP: 3/5
  1058 | D:2      | Reached XP level 3. HP: 24/24 MP: 5/7
  1772 | D:2      | Reached XP level 4. HP: 22/30 MP: 5/8
  2115 | D:3      | Learned a level 3 spell: Stone Arrow
  2118 | D:3      | Learned a level 2 spell: Passwall
  2375 | D:3      | Identified the +11 short sword "Zaamav" {pain, Str-2 Dex+5}
  2404 | D:3      | Found an opulent altar of Gozag.
  2556 | D:3      | You fall into a shaft and drop 3 floors!
  2583 | D:6      | Noticed an ogre
  2593 | D:6      | Gained mutation: You may rarely emit foul miasma when
                  | damaged in melee. [demonic ancestry]
  2593 | D:6      | Reached XP level 5. HP: 35/35 MP: 3/10
  2594 | D:6      | Killed an ogre
  2739 | D:6      | Found a sparkling altar of Nemelex Xobeh.
  3001 | D:6      | Found a glowing drain.
  3166 | Sewer    | Entered a sewer
  3174 | Sewer    | Slain by a river rat

Illustrated notes

Levels and vault maps discovered:
D:1:      tarquinn_simple_flora_water_b, layout_basic,
          shapermc_ecumenical_altar_starsandcircs, minivault_24
D:2:      layout_loops_ring, dreamdust_princess_corridor, grunt_ministairs_1,
          roderic_nine_men_s_morris, hangedman_decor_riveting
D:3:      layout_basic, nicolae_gozag_cash_rules_everything_around_me,
          mainiacjoe_overflow_paths
D:6:      layout_loops_ring, general_overflow_altar, temple_statues,
          gup_sewer_entry_spiral, nicolae_figureground_pulse
Sewer:    sewer_kobolds

Skill      XL: |  1  2  3  4  5 |
---------------+----------------+-----
Dodging        | 2 3 4 |  4.2
Spellcasting   | 3 4 |  4.3
Stealth        | |  1.7
Transmutations | |  0.8
Earth Magic    | |  2.6

Action                     |  1- 3 |  4- 6 || total
---------------------------+-------+-------++-------
  Melee: Unarmed           |    18 |     2 ||    20
         Touch             |     2 |     1 ||     3
   Cast: Sandblast         |    67 |    66 ||   133
    Use: Potion            |     1 |     1 ||     2
 Armour: Robe              |    16 |    12 ||    28
  Dodge: Dodged            |    55 |    20 ||    75

Table legend: (Time is in decaauts)
 A = Elapsed time spent in this place.
 B = Non-inter-level travel time spent in this place.
 C = Inter-level travel time spent in this place.
 D = Time resting spent in this place.
 E = Time spent auto-exploring this place.
 F = Levels seen in this place.
 G = Mean time per level.
                   A        B        C        D        E       F      G
               +--------+--------+--------+--------+--------+-----+--------+
         Total |   3297 |   3137 |    160 |     57 |   2612 |   5 |  659.4 |
       Dungeon |   3286 |   3126 |    160 |     57 |   2612 |   4 |  821.5 |
         Sewer |     11 |     11 |      0 |      0 |      0 |   1 |   11.0 |
               +--------+--------+--------+--------+--------+-----+--------+

Top non-repeatable levels by time:
     D:2: 1382 daAuts
     D:1: 742 daAuts
     D:6: 681 daAuts
     D:3: 479 daAuts
   Sewer: 11 daAuts
